Quebec Nordiques vs Detroit Red Wings

Created - Sunday, January 25, 2026 at 08:26

Goals
1 2 3 T
Quebec Nordiques 1 0 0 1
Detroit Red Wings 2 0 1 3
Shots
1 2 3 T
Quebec Nordiques 11 12 8 31
Detroit Red Wings 8 15 10 33

1st period

1. Detroit Red Wings , Cutter Gauthier 3 (Collin Graf 6, Sergei Bobrovsky) at 2:52 (PP)
2. Detroit Red Wings , Cutter Gauthier 4 (Collin Graf 7, Kevin Stenlund 3) at 5:28 (PP)
3. Quebec Nordiques , Matthew Knies 4 (Connor McDavid 5, Alex DeBrincat 4) at 7:45

Penalties :
Steven Stamkos (QUE) for Slashing (Minor) at 2:16, Matthew Knies (QUE) for Delaying the game (Minor) at 5:15, Arthur Kaliyev (DET) for Spearing (Major / Game Misconduct) at 17:25

2nd period

No Goal

Penalties :
Shayne Gostisbehere (DET) for Holding (Minor) at 3:10, Vasili Podkolzin (DET) for Tripping (Minor) at 19:47

3rd period

4. Detroit Red Wings , Collin Graf 6 (Kevin Stenlund 4) at 9:34

Penalties :
Peyton Krebs (DET) for Tripping (Minor) at 1:20, Nikolaj Ehlers (QUE) for Delaying the game (Minor) at 6:45, Peyton Krebs (DET) for Cross-checking (Minor) at 16:34

Goalie Stats

Joseph Woll (QUE), 30 saves from 33 shots - (0.909), L, 4-3-1, 60:00 minutes
Sergei Bobrovsky (DET), 30 saves from 31 shots - (0.968), W, 4-3-0, 60:00 minutes

Players Stats for Quebec Nordiques

Player Name              G  A  P  +/- PIM S  H  SB GA TA FO     MP     PP MP  PK MP  
------------------------------------------------------------------------------------
Alex DeBrincat           0  1  1   0  0   2  2  0  0  0  1/3    20:42   7:08   0:08 
Alex Vlasic              0  0  0  -1  0   1  0  0  0  0  0/0    21:40   5:00   1:19 
Brock Faber              0  0  0   1  0   0  1  2  0  2  0/0    23:19   7:04   0:00 
Connor McDavid           0  1  1   0  0   2  1  0  1  0  13/30  20:33   7:08   0:00 
Jake McCabe              0  0  0   0  0   1  1  0  0  0  0/0    19:43   5:00   1:19 
Matt Duchene             0  0  0   0  0   3  1  1  0  0  0/2    18:18   4:43   0:12 
Matthew Knies            1  0  1   0  2   6  3  1  0  0  0/0    21:37   7:08   1:06 
Michael Anderson         0  0  0   0  0   1  0  1  0  0  0/0    14:36   0:00   1:29 
Michael McCarron         0  0  0   0  0   0  4  0  0  0  3/3     9:34   0:38   1:30 
Nico Hischier            0  0  0   0  0   1  3  0  0  2  9/14   15:20   0:00   1:10 
Nikolaj Ehlers           0  0  0   0  2   4  3  0  0  0  0/1    14:50   0:38   0:00 
Noah Cates               0  0  0   0  0   3  1  0  0  0  0/0     8:37   0:00   1:30 
Patrick Kane             0  0  0   0  0   4  3  0  0  0  0/0    14:38   4:43   0:00 
Rickard Rakell           0  0  0   0  0   2  1  1  2  0  0/0    11:10   0:38   0:00 
Steven Stamkos           0  0  0   0  2   0  1  1  0  1  2/5    14:24   4:43   0:00 
Thomas Harley            0  0  0  -1  0   0  1  2  1  1  0/0    23:07   7:29   0:00 
Vladislav Gavrikov       0  0  0   1  0   0  1  2  0  2  0/0    17:35   0:25   1:29 
Will Smith               0  0  0   0  0   1  0  0  1  0  0/0     7:26   0:00   0:00 

Players Stats for Detroit Red Wings

Player Name              G  A  P  +/- PIM S  H  SB GA TA FO     MP     PP MP  PK MP  
------------------------------------------------------------------------------------
Arthur Kaliyev           0  0  0   0  15  1  0  0  0  0  0/0     5:22   0:00   0:00 
Brad Lambert             0  0  0   0  0   0  1  1  0  0  0/2    15:46   0:50   2:46 
Cole Sillinger           0  0  0   0  0   4  1  0  2  1  7/10   20:49   1:03   5:55 
Collin Graf              1  2  3   1  0   3  0  1  2  0  1/2    21:18   1:45   5:27 
Conor Timmins            0  0  0   0  0   2  1  2  0  0  0/0    19:40   0:00   5:53 
Cutter Gauthier          2  0  2   1  0   7  1  0  2  0  0/1    15:47   1:40   0:00 
Dmitry Orlov             0  0  0  -1  0   1  2  1  0  1  0/0    24:09   1:31   6:36 
Fraser Minten            0  0  0  -1  0   3  1  0  1  0  1/2    11:14   0:00   0:20 
Jackson LaCombe          0  0  0   0  0   1  3  1  0  1  0/0    24:52   1:31   6:36 
Jamie Drysdale           0  0  0   1  0   0  1  1  0  1  0/0    16:11   1:17   0:00 
Kevin Stenlund           0  2  2   1  0   2  1  1  0  0  17/34  21:12   1:40   5:27 
Nate Danielson           0  0  0   0  0   0  1  0  0  0  0/0     6:32   0:18   0:00 
Peyton Krebs             0  0  0  -1  4   0  0  0  0  0  4/6    15:01   0:00   3:46 
Ryan Graves              0  0  0   0  0   0  0  0  0  0  0/0    19:40   0:00   5:53 
Shayne Gostisbehere      0  0  0   0  2   4  1  0  0  0  0/0    15:39   1:17   0:00 
Tanner Pearson           0  0  0  -1  0   5  2  0  0  1  0/1    12:34   0:00   0:00 
Vasili Podkolzin         0  0  0   0  2   0  1  0  0  0  0/0     6:16   0:05   0:50 
Zachary L'Heureux        0  0  0   0  0   0  3  0  1  0  0/0    14:58   1:03   0:00 

3 Stars

1 - Cutter Gauthier (DET)
2 - Collin Graf (DET)
3 - Sergei Bobrovsky (DET)

Power Play

Quebec Nordiques - 0 on 5 Attempt(s) - 0.00%
Detroit Red Wings - 2 on 3 Attempt(s) - 66.67%

Penalty Kill

Quebec Nordiques - 1 on 3 Attempt(s) - 33.33% - Score 0 goal in Penalty Kill
Detroit Red Wings - 5 on 5 Attempt(s) - 100.00% - Score 0 goal in Penalty Kill

Team Stat

Quebec Nordiques - Hits : 27 - Faceoff Wins : 28 - Blocked Shots : 11 - Penalty Minutes : 6
Detroit Red Wings - Hits : 20 - Faceoff Wins : 30 - Blocked Shots : 8 - Penalty Minutes : 23

Official

Referees : Justin St. Pierre and Kevin Pollock
Linesman : Devin Berg and Kilian McNamara

Game Notes

Arthur Kaliyev (DET) for Spearing (Major / Game Misconduct) at 17:25
Arthur Kaliyev ejected from game at 17:25 of 1st period

Finance

Level 1 -- Attendance: 6000 (100.00%) -- Ticket Income $570,000
Level 2 -- Attendance: 4686 (93.72%) -- Ticket Income $257,730
Level 3 -- Attendance: 2870 (95.67%) -- Ticket Income $86,100
Level 4 -- Attendance: 4473 (89.46%) -- Ticket Income $89,460
Luxury Box -- Attendance: 1000 (100.00%) -- Ticket Income $190,000
Game was played at the Joe Louis Arena.
Total Attendance: 19029 (95.15%)
Total Ticket Income: $1,193,290
Other Income: $417,652
Total Income: $1,610,942

Quebec Nordiques

5 vs 5 Forward 
   Center                   Left Wing                Right Wing               Time % Phy DF OF 
 1 Connor McDavid           Alex DeBrincat           Matthew Knies            40     1   2  2  
 2 Nico Hischier            Nikolaj Ehlers           Matt Duchene             30     1   2  2  
 3 Steven Stamkos           Rickard Rakell           Patrick Kane             20     1   2  2  
 4 Michael McCarron         Noah Cates               Will Smith               10     1   2  2  

5 vs 5 Defense 
   Defense                  Defense                                           Time % Phy DF OF 
 1 Alex Vlasic              Thomas Harley                                     40     1   2  2  
 2 Vladislav Gavrikov       Brock Faber                                       35     1   2  2  
 3 Michael Anderson         Jake McCabe                                       25     1   2  2  
 4 Alex Vlasic              Thomas Harley                                     0      1   2  2  

PowerPlay Forward 
   Center                   Left Wing                Right Wing               Time % Phy DF OF 
 1 Connor McDavid           Alex DeBrincat           Matthew Knies            60     1   2  2  
 2 Matt Duchene             Steven Stamkos           Patrick Kane             40     1   2  2  

PowerPlay Defense
   Defense                  Defense                                           Time % Phy DF OF 
 1 Thomas Harley            Brock Faber                                       60     1   2  2  
 2 Jake McCabe              Alex Vlasic                                       40     1   2  2  

Penalty Kill 4 Players Forward 
   Center                   Wing                     Time % Phy DF OF 
 1 Nico Hischier            Matthew Knies            50     1   2  2  
 2 Michael McCarron         Noah Cates               50     1   2  2  

Penalty Kill 4 Players Defense
   Defense                  Defense                  Time % Phy DF OF 
 1 Vladislav Gavrikov       Michael Anderson         50     1   2  2  
 2 Alex Vlasic              Jake McCabe              50     1   2  2  

Penalty Kill - 3 Players Forward 
   Forward                                           Time % Phy DF OF 
 1 Nico Hischier                                     50     1   2  2  
 2 Noah Cates                                        50     1   2  2  

Penalty Kill - 3 Players Defense
   Defense                  Defense                  Time % Phy DF OF 
 1 Vladislav Gavrikov       Alex Vlasic              50     1   2  2  
 2 Michael Anderson         Jake McCabe              50     1   2  2  

4 vs 4 Forward 
   Center                   Wing                     Time % Phy DF OF 
 1 Nico Hischier            Connor McDavid           60     1   2  2  
 2 Matt Duchene             Matthew Knies            40     1   2  2  

4 vs 4 Defense
   Defense                  Defense                  Time % Phy DF OF 
 1 Alex Vlasic              Thomas Harley            60     1   2  2  
 2 Vladislav Gavrikov       Brock Faber              40     1   2  2  

Last Minutes Offensive
   Center                   Left Wing                Right Wing               Defense                  Defense                  
   Nico Hischier            Connor McDavid           Matthew Knies            Thomas Harley            Brock Faber              

Last Minutes Defensive
   Center                   Left Wing                Right Wing               Defense                  Defense                  
   Nico Hischier            Noah Cates               Matthew Knies            Alex Vlasic              Vladislav Gavrikov       

Goaltenders
Starting : Joseph Woll              
Backup : Spencer Knight           

Extra Forwards
Normal : Rickard Rakell, Nikolaj Ehlers, Will Smith - PP : Rickard Rakell, Nikolaj Ehlers - PK : Matt Duchene
Extra Defensemen
Normal : Jake McCabe, Michael Anderson, Alex Vlasic - PP : Jake McCabe - PK : Thomas Harley, Brock Faber
Penalty Shots
Alex DeBrincat, Connor McDavid, Matt Duchene, Patrick Kane, Rickard Rakell

Scratches
Alexandre Carrier (Healthy)

Detroit Red Wings

5 vs 5 Forward 
   Center                   Left Wing                Right Wing               Time % Phy DF OF 
 1 Kevin Stenlund           Cutter Gauthier          Collin Graf              35     1   1  3  
 2 Cole Sillinger           Zachary L'Heureux        Arthur Kaliyev           35     1   1  3  
 3 Peyton Krebs             Fraser Minten            Tanner Pearson           20     1   2  2  
 4 Brad Lambert             Nate Danielson           Vasili Podkolzin         10     2   2  1  

5 vs 5 Defense 
   Defense                  Defense                                           Time % Phy DF OF 
 1 Jackson LaCombe          Dmitry Orlov                                      40     1   2  2  
 2 Shayne Gostisbehere      Jamie Drysdale                                    30     1   2  2  
 3 Conor Timmins            Ryan Graves                                       20     2   2  1  
 4 Jamie Drysdale           Jackson LaCombe                                   10     1   2  2  

PowerPlay Forward 
   Center                   Left Wing                Right Wing               Time % Phy DF OF 
 1 Kevin Stenlund           Cutter Gauthier          Collin Graf              50     1   1  3  
 2 Cole Sillinger           Zachary L'Heureux        Arthur Kaliyev           50     0   1  3  

PowerPlay Defense
   Defense                  Defense                                           Time % Phy DF OF 
 1 Jackson LaCombe          Dmitry Orlov                                      50     1   2  2  
 2 Shayne Gostisbehere      Jamie Drysdale                                    50     1   2  2  

Penalty Kill 4 Players Forward 
   Center                   Wing                     Time % Phy DF OF 
 1 Kevin Stenlund           Collin Graf              50     2   2  1  
 2 Cole Sillinger           Peyton Krebs             50     2   2  1  

Penalty Kill 4 Players Defense
   Defense                  Defense                  Time % Phy DF OF 
 1 Jackson LaCombe          Dmitry Orlov             50     1   2  2  
 2 Conor Timmins            Ryan Graves              50     1   2  2  

Penalty Kill - 3 Players Forward 
   Forward                                           Time % Phy DF OF 
 1 Kevin Stenlund                                    50     1   2  2  
 2 Cole Sillinger                                    50     1   2  2  

Penalty Kill - 3 Players Defense
   Defense                  Defense                  Time % Phy DF OF 
 1 Jackson LaCombe          Dmitry Orlov             50     1   2  2  
 2 Conor Timmins            Ryan Graves              50     2   2  1  

4 vs 4 Forward 
   Center                   Wing                     Time % Phy DF OF 
 1 Cutter Gauthier          Collin Graf              60     1   2  2  
 2 Cole Sillinger           Zachary L'Heureux        40     1   1  3  

4 vs 4 Defense
   Defense                  Defense                  Time % Phy DF OF 
 1 Jackson LaCombe          Dmitry Orlov             60     1   2  2  
 2 Shayne Gostisbehere      Jamie Drysdale           40     1   2  2  

Last Minutes Offensive
   Center                   Left Wing                Right Wing               Defense                  Defense                  
   Cole Sillinger           Cutter Gauthier          Collin Graf              Jackson LaCombe          Dmitry Orlov             

Last Minutes Defensive
   Center                   Left Wing                Right Wing               Defense                  Defense                  
   Cole Sillinger           Cutter Gauthier          Collin Graf              Jackson LaCombe          Dmitry Orlov             

Goaltenders
Starting : Sergei Bobrovsky         
Backup : Vitek Vanecek            

Extra Forwards
Normal : Brad Lambert, Nate Danielson, Tanner Pearson - PP : Brad Lambert, Nate Danielson - PK : Brad Lambert
Extra Defensemen
Normal : Shayne Gostisbehere, Jamie Drysdale, Jackson LaCombe - PP : Shayne Gostisbehere - PK : Shayne Gostisbehere, Jamie Drysdale
Penalty Shots
Cutter Gauthier, Collin Graf, Cole Sillinger, Nate Danielson, Fraser Minten

Scratches
Jayden Struble (Healthy), Christian Fischer (Healthy), Kasperi Kapanen (Healthy), Laurent Brossoit (Healthy)

% Time on Ice - Quebec Nordiques

Lines # - Real PCT - Wanted PCT - Time Play
Normal Forward
1 - 31% - 40% - 13:57
2 - 31% - 30% - 13:59
3 - 22% - 20% - 9:40
4 - 16% - 10% - 7:07
Normal Defense
1 - 36% - 40% - 15:59
2 - 35% - 35% - 15:40
3 - 29% - 25% - 13:04
4 - 0% - 0% - 0:00
PP Forward
1 - 62% - 60% - 7:46
2 - 38% - 40% - 4:43
PP Defense
1 - 60% - 60% - 7:29
2 - 40% - 40% - 5:00
PK Forward
1 - 42% - 50% - 1:10
2 - 58% - 50% - 1:38
PK Defense
1 - 53% - 50% - 1:29
2 - 47% - 50% - 1:19
PK3 Forward
1 - 0% - 50%
2 - 0% - 50%
PK3 Defense
1 - 0% - 50%
2 - 0% - 50%
44 Forward
1 - 0% - 60%
2 - 0% - 40%
44 Defense
1 - 0% - 60%
2 - 0% - 40%
Last Minute Offensive  - 0:00
Last Minute Defensive  - 0:00
Total
Forward - 60:00
Defense - 60:00

% Time on Ice - Detroit Red Wings

Lines # - Real PCT - Wanted PCT - Time Play
Normal Forward
1 - 32% - 35% - 14:31
2 - 32% - 35% - 14:26
3 - 24% - 20% - 10:46
4 - 11% - 10% - 5:00
Normal Defense
1 - 36% - 40% - 16:02
2 - 31% - 30% - 13:55
3 - 31% - 20% - 13:44
4 - 2% - 10% - 1:02
PP Forward
1 - 60% - 50% - 1:40
2 - 40% - 50% - 1:08
PP Defense
1 - 54% - 50% - 1:31
2 - 46% - 50% - 1:17
PK Forward
1 - 48% - 50% - 5:44
2 - 52% - 50% - 6:19
PK Defense
1 - 51% - 50% - 6:10
2 - 49% - 50% - 5:53
PK3 Forward
1 - 8% - 50% - 0:02
2 - 92% - 50% - 0:24
PK3 Defense
1 - 100% - 50% - 0:26
2 - 0% - 50% - 0:00
44 Forward
1 - 0% - 60%
2 - 0% - 40%
44 Defense
1 - 0% - 60%
2 - 0% - 40%
Last Minute Offensive  - 0:00
Last Minute Defensive  - 0:00
Total
Forward - 60:00
Defense - 60:00

Play-by-Play

1st period


0:01 of 1st period - Connor McDavid wins face-off versus Kevin Stenlund in neutral zone.
0:30 of 1st period - Snap shot by Matt Duchene.
0:30 of 1st period - Deflect By Nico Hischier.
0:30 of 1st period - Shot Misses the Net.
0:30 of 1st period - Puck is out of play.
0:31 of 1st period - Cole Sillinger wins face-off versus Steven Stamkos in Detroit Red Wings zone.
0:31 of 1st period - Cole Sillinger is hit by Steven Stamkos.
0:37 of 1st period - Snap shot by Rickard Rakell.
0:37 of 1st period - Stopped by Sergei Bobrovsky with a rebound.
0:53 of 1st period - Snap shot by Arthur Kaliyev.
0:53 of 1st period - Stopped by Joseph Woll with a rebound.
1:24 of 1st period - Michael Anderson is hit by Conor Timmins and loses puck.
1:53 of 1st period - Snap shot by Alex DeBrincat.
1:53 of 1st period - Shot Blocked by Kevin Stenlund.
2:07 of 1st period - Wrist shot by Cutter Gauthier.
2:07 of 1st period - Shot Misses the Net.
2:09 of 1st period - Wrist shot by Conor Timmins.
2:09 of 1st period - Stopped by Joseph Woll with a rebound.
2:11 of 1st period - Snap shot by Vasili Podkolzin.
2:11 of 1st period - Shot Misses the Net.
2:16 of 1st period - Minor Penalty to Steven Stamkos for Slashing.
2:17 of 1st period - Nico Hischier wins face-off versus Kevin Stenlund in Quebec Nordiques zone.
2:52 of 1st period - Snap shot by Cutter Gauthier.
2:52 of 1st period - Goal by Cutter Gauthier - Quebec Nordiques : 0 - Detroit Red Wings : 1.
2:53 of 1st period - Connor McDavid wins face-off versus Fraser Minten in neutral zone.
3:06 of 1st period - Slapshot by Tanner Pearson.
3:06 of 1st period - Stopped by Joseph Woll without a rebound.
3:07 of 1st period - Kevin Stenlund wins face-off versus Nico Hischier in Quebec Nordiques zone.
3:33 of 1st period - Zachary L'Heureux is hit by Rickard Rakell and loses puck.
3:46 of 1st period - Snap shot by Rickard Rakell.
3:46 of 1st period - Stopped by Sergei Bobrovsky with a rebound.
3:53 of 1st period - Icing by Dmitry Orlov.
3:54 of 1st period - Cole Sillinger wins face-off versus Connor McDavid in Detroit Red Wings zone.
4:07 of 1st period - Snap shot by Matthew Knies.
4:07 of 1st period - Stopped by Sergei Bobrovsky with a rebound.
4:09 of 1st period - Wrist shot by Alex DeBrincat.
4:09 of 1st period - Stopped by Sergei Bobrovsky without a rebound.
4:10 of 1st period - Nico Hischier wins face-off versus Kevin Stenlund in Detroit Red Wings zone.
4:40 of 1st period - Icing by Michael Anderson.
4:41 of 1st period - Cole Sillinger wins face-off versus Alex DeBrincat in Quebec Nordiques zone.
5:15 of 1st period - Minor Penalty to Matthew Knies for Delaying the game.
5:16 of 1st period - Kevin Stenlund wins face-off versus Nico Hischier in Quebec Nordiques zone.
5:28 of 1st period - Wrist shot by Cutter Gauthier.
5:28 of 1st period - Goal by Cutter Gauthier - Quebec Nordiques : 0 - Detroit Red Wings : 2.
5:29 of 1st period - Nico Hischier wins face-off versus Kevin Stenlund in neutral zone.
5:56 of 1st period - Peyton Krebs is hit by Matthew Knies and loses puck.
6:37 of 1st period - Slapshot by Will Smith.
6:37 of 1st period - Shot Blocked by Conor Timmins.
6:39 of 1st period - Slapshot by Alex Vlasic.
6:39 of 1st period - Deflect By Ryan Graves.
6:39 of 1st period - Stopped by Sergei Bobrovsky with a rebound.
6:41 of 1st period - Snap shot by Noah Cates.
6:41 of 1st period - Stopped by Sergei Bobrovsky with a rebound.
6:57 of 1st period - Nico Hischier is hit by Cutter Gauthier and loses puck.
7:18 of 1st period - Brock Faber is hit by Nate Danielson and loses puck.
7:25 of 1st period - Wrist shot by Vasili Podkolzin.
7:25 of 1st period - Shot Misses the Net.
7:27 of 1st period - Wrist shot by Vasili Podkolzin.
7:27 of 1st period - Shot Misses the Net.
7:29 of 1st period - Slapshot by Shayne Gostisbehere.
7:29 of 1st period - Shot Misses the Net.
7:45 of 1st period - Backhand shot by Matthew Knies.
7:45 of 1st period - Goal by Matthew Knies - Quebec Nordiques : 1 - Detroit Red Wings : 2.
7:46 of 1st period - Connor McDavid wins face-off versus Kevin Stenlund in neutral zone.
8:03 of 1st period - Snap shot by Matthew Knies.
8:03 of 1st period - Stopped by Sergei Bobrovsky with a rebound.
8:13 of 1st period - Thomas Harley is hit by Zachary L'Heureux and loses puck.
8:36 of 1st period - Snap shot by Jackson LaCombe.
8:36 of 1st period - Shot Misses the Net.
8:58 of 1st period - Wrist shot by Nikolaj Ehlers.
8:58 of 1st period - Stopped by Sergei Bobrovsky with a rebound.
9:04 of 1st period - Alex Vlasic is hit by Fraser Minten and loses puck.
9:35 of 1st period - Matthew Knies is hit by Zachary L'Heureux and loses puck.
10:18 of 1st period - Snap shot by Arthur Kaliyev.
10:18 of 1st period - Deflect By Cole Sillinger.
10:18 of 1st period - Stopped by Joseph Woll with a rebound.
10:24 of 1st period - Zachary L'Heureux is hit by Matthew Knies and loses puck.
10:51 of 1st period - Snap shot by Connor McDavid.
10:51 of 1st period - Stopped by Sergei Bobrovsky without a rebound.
10:52 of 1st period - Kevin Stenlund wins face-off versus Nikolaj Ehlers in Detroit Red Wings zone.
11:03 of 1st period - Wrist shot by Nikolaj Ehlers.
11:03 of 1st period - Stopped by Sergei Bobrovsky with a rebound.
11:05 of 1st period - Snap shot by Nico Hischier.
11:05 of 1st period - Shot Blocked by Jackson LaCombe.
11:07 of 1st period - Snap shot by Nikolaj Ehlers.
11:07 of 1st period - Shot Misses the Net.
11:47 of 1st period - Vasili Podkolzin is hit by Patrick Kane and loses puck.
14:35 of 1st period - Michael McCarron is hit by Vasili Podkolzin and loses puck.
14:46 of 1st period - Arthur Kaliyev is hit by Nikolaj Ehlers.
14:50 of 1st period - Cole Sillinger is hit by Nico Hischier and loses puck.
15:37 of 1st period - Dmitry Orlov is hit by Vladislav Gavrikov and loses puck.
15:41 of 1st period - Icing by Cutter Gauthier.
15:42 of 1st period - Nico Hischier wins face-off versus Kevin Stenlund in Detroit Red Wings zone.
16:13 of 1st period - Thomas Harley is hit by Jackson LaCombe and loses puck.
16:20 of 1st period - Wrist shot by Collin Graf.
16:20 of 1st period - Shot Misses the Net.
16:22 of 1st period - Snap shot by Kevin Stenlund.
16:22 of 1st period - Shot Hit the Post.
16:30 of 1st period - Snap shot by Cutter Gauthier.
16:30 of 1st period - Stopped by Joseph Woll without a rebound.
16:31 of 1st period - Cole Sillinger wins face-off versus Connor McDavid in Quebec Nordiques zone.
16:44 of 1st period - Snap shot by Zachary L'Heureux.
16:44 of 1st period - Shot Misses the Net.
16:46 of 1st period - Wrist shot by Zachary L'Heureux.
16:46 of 1st period - Shot Misses the Net.
17:06 of 1st period - Snap shot by Tanner Pearson.
17:06 of 1st period - Stopped by Joseph Woll without a rebound.
17:07 of 1st period - Michael McCarron wins face-off versus Cole Sillinger in Quebec Nordiques zone.
17:25 of 1st period - Major / Game Misconduct Penalty to Arthur Kaliyev for Spearing.
17:25 of 1st period - Arthur Kaliyev is ejected from game.
17:26 of 1st period - Connor McDavid wins face-off versus Kevin Stenlund in Detroit Red Wings zone.
Goals for this period are 1 for Quebec Nordiques vs 2 for Detroit Red Wings.
Shots for this period are 11 for Quebec Nordiques vs 8 for Detroit Red Wings.

2nd period


0:01 of 2nd period - Connor McDavid wins face-off versus Kevin Stenlund in neutral zone.
0:04 of 2nd period - Conor Timmins is hit by Matthew Knies and loses puck.
0:31 of 2nd period - Slapshot by Matt Duchene.
0:31 of 2nd period - Shot Blocked by Conor Timmins.
0:43 of 2nd period - Jackson LaCombe is hit by Patrick Kane and loses puck.
2:25 of 2nd period - Penalty to Arthur Kaliyev is over, Brad Lambert is send on ice.
2:41 of 2nd period - Shayne Gostisbehere is hit by Michael McCarron.
3:10 of 2nd period - Minor Penalty to Shayne Gostisbehere for Holding.
3:11 of 2nd period - Kevin Stenlund wins face-off versus Connor McDavid in Detroit Red Wings zone.
5:10 of 2nd period - Penalty to Shayne Gostisbehere is over, Shayne Gostisbehere is back on ice.
5:21 of 2nd period - Backhand shot by Will Smith.
5:21 of 2nd period - Stopped by Sergei Bobrovsky without a rebound.
5:22 of 2nd period - Michael McCarron wins face-off versus Brad Lambert in Detroit Red Wings zone.
6:12 of 2nd period - Icing by Vladislav Gavrikov.
6:13 of 2nd period - Connor McDavid wins face-off versus Peyton Krebs in Quebec Nordiques zone.
6:38 of 2nd period - Slapshot by Collin Graf.
6:38 of 2nd period - Shot Misses the Net.
6:54 of 2nd period - Slapshot by Jamie Drysdale.
6:54 of 2nd period - Shot Blocked by Brock Faber.
6:56 of 2nd period - Slapshot by Shayne Gostisbehere.
6:56 of 2nd period - Shot Blocked by Matt Duchene.
6:58 of 2nd period - Wrist shot by Cole Sillinger.
6:58 of 2nd period - Stopped by Joseph Woll with a rebound.
7:00 of 2nd period - Slapshot by Ryan Graves.
7:00 of 2nd period - Shot Blocked by Brock Faber.
7:10 of 2nd period - Peyton Krebs is hit by Connor McDavid and loses puck.
7:17 of 2nd period - Slapshot by Conor Timmins.
7:17 of 2nd period - Stopped by Joseph Woll with a rebound.
7:37 of 2nd period - Patrick Kane is hit by Jackson LaCombe and loses puck.
7:50 of 2nd period - Slapshot by Shayne Gostisbehere.
7:50 of 2nd period - Stopped by Joseph Woll with a rebound.
8:02 of 2nd period - Jamie Drysdale is hit by Michael McCarron and loses puck.
9:17 of 2nd period - Dmitry Orlov is hit by Michael McCarron.
9:51 of 2nd period - Snap shot by Nico Hischier.
9:51 of 2nd period - Deflect By Conor Timmins.
9:51 of 2nd period - Stopped by Sergei Bobrovsky without a rebound.
9:52 of 2nd period - Kevin Stenlund wins face-off versus Connor McDavid in Detroit Red Wings zone.
10:02 of 2nd period - Icing by Thomas Harley.
10:03 of 2nd period - Alex DeBrincat wins face-off versus Kevin Stenlund in Quebec Nordiques zone.
10:41 of 2nd period - Wrist shot by Nikolaj Ehlers.
10:41 of 2nd period - Shot Misses the Net.
10:43 of 2nd period - Snap shot by Jake McCabe.
10:43 of 2nd period - Shot Misses the Net.
10:45 of 2nd period - Wrist shot by Matt Duchene.
10:45 of 2nd period - Stopped by Sergei Bobrovsky with a rebound.
10:55 of 2nd period - Peyton Krebs is hit by Patrick Kane and loses puck.
11:01 of 2nd period - Jackson LaCombe is hit by Jake McCabe and loses puck.
11:20 of 2nd period - Backhand shot by Noah Cates.
11:20 of 2nd period - Stopped by Sergei Bobrovsky without a rebound.
11:21 of 2nd period - Michael McCarron wins face-off versus Kevin Stenlund in Detroit Red Wings zone.
11:22 of 2nd period - Wrist shot by Will Smith.
11:22 of 2nd period - Shot Misses the Net.
11:34 of 2nd period - Wrist shot by Cutter Gauthier.
11:34 of 2nd period - Shot Misses the Net.
11:36 of 2nd period - Wrist shot by Cutter Gauthier.
11:36 of 2nd period - Stopped by Joseph Woll with a rebound.
12:05 of 2nd period - Wrist shot by Fraser Minten.
12:05 of 2nd period - Shot Misses the Net.
12:07 of 2nd period - Slapshot by Fraser Minten.
12:07 of 2nd period - Stopped by Joseph Woll without a rebound.
12:08 of 2nd period - Nico Hischier wins face-off versus Tanner Pearson in Quebec Nordiques zone.
12:08 of 2nd period - Nico Hischier is hit by Tanner Pearson.
12:20 of 2nd period - Dmitry Orlov is hit by Nikolaj Ehlers and loses puck.
12:33 of 2nd period - Snap shot by Fraser Minten.
12:33 of 2nd period - Stopped by Joseph Woll with a rebound.
12:35 of 2nd period - Slapshot by Shayne Gostisbehere.
12:35 of 2nd period - Deflect By Matt Duchene.
12:35 of 2nd period - Stopped by Joseph Woll with a rebound.
12:37 of 2nd period - Wrist shot by Shayne Gostisbehere.
12:37 of 2nd period - Stopped by Joseph Woll with a rebound.
12:51 of 2nd period - Wrist shot by Tanner Pearson.
12:51 of 2nd period - Shot Misses the Net.
12:53 of 2nd period - Slapshot by Shayne Gostisbehere.
12:53 of 2nd period - Shot Blocked by Vladislav Gavrikov.
12:56 of 2nd period - Icing by Brock Faber.
12:57 of 2nd period - Nico Hischier wins face-off versus Kevin Stenlund in Quebec Nordiques zone.
13:09 of 2nd period - Kevin Stenlund is hit by Nico Hischier and loses puck.
13:24 of 2nd period - Snap shot by Cole Sillinger.
13:24 of 2nd period - Stopped by Joseph Woll with a rebound.
13:45 of 2nd period - Snap shot by Matt Duchene.
13:45 of 2nd period - Stopped by Sergei Bobrovsky with a rebound.
14:59 of 2nd period - Ryan Graves is hit by Nikolaj Ehlers and loses puck.
15:08 of 2nd period - Brad Lambert is hit by Matt Duchene and loses puck.
15:15 of 2nd period - Backhand shot by Nikolaj Ehlers.
15:15 of 2nd period - Stopped by Sergei Bobrovsky without a rebound.
15:16 of 2nd period - Connor McDavid wins face-off versus Collin Graf in Detroit Red Wings zone.
15:43 of 2nd period - Icing by Dmitry Orlov.
15:44 of 2nd period - Steven Stamkos wins face-off versus Peyton Krebs in Detroit Red Wings zone.
15:45 of 2nd period - Wrist shot by Patrick Kane.
15:45 of 2nd period - Stopped by Sergei Bobrovsky with a rebound.
15:47 of 2nd period - Snap shot by Patrick Kane.
15:47 of 2nd period - Stopped by Sergei Bobrovsky without a rebound.
15:48 of 2nd period - Connor McDavid wins face-off versus Kevin Stenlund in Detroit Red Wings zone.
15:52 of 2nd period - Icing by Collin Graf.
15:53 of 2nd period - Kevin Stenlund wins face-off versus Alex DeBrincat in Detroit Red Wings zone.
16:24 of 2nd period - Slapshot by Peyton Krebs.
16:24 of 2nd period - Shot Blocked by Steven Stamkos.
16:26 of 2nd period - Slapshot by Jamie Drysdale.
16:26 of 2nd period - Shot Blocked by Michael Anderson.
16:28 of 2nd period - Backhand shot by Tanner Pearson.
16:28 of 2nd period - Shot Misses the Net.
16:46 of 2nd period - Wrist shot by Steven Stamkos.
16:46 of 2nd period - Shot Misses the Net.
16:48 of 2nd period - Slapshot by Jake McCabe.
16:48 of 2nd period - Stopped by Sergei Bobrovsky with a rebound.
16:50 of 2nd period - Slapshot by Michael Anderson.
16:50 of 2nd period - Stopped by Sergei Bobrovsky with a rebound.
16:54 of 2nd period - Snap shot by Noah Cates.
16:54 of 2nd period - Stopped by Sergei Bobrovsky without a rebound.
16:55 of 2nd period - Connor McDavid wins face-off versus Kevin Stenlund in Detroit Red Wings zone.
17:06 of 2nd period - Matthew Knies is hit by Jackson LaCombe and loses puck.
17:23 of 2nd period - Slapshot by Jackson LaCombe.
17:23 of 2nd period - Shot Misses the Net.
17:25 of 2nd period - Slapshot by Dmitry Orlov.
17:25 of 2nd period - Deflect By Alex Vlasic.
17:25 of 2nd period - Stopped by Joseph Woll with a rebound.
17:27 of 2nd period - Snap shot by Fraser Minten.
17:27 of 2nd period - Stopped by Joseph Woll without a rebound.
17:28 of 2nd period - Peyton Krebs wins face-off versus Steven Stamkos in Quebec Nordiques zone.
17:35 of 2nd period - Snap shot by Tanner Pearson.
17:35 of 2nd period - Stopped by Joseph Woll without a rebound.
17:36 of 2nd period - Steven Stamkos wins face-off versus Kevin Stenlund in Quebec Nordiques zone.
18:10 of 2nd period - Snap shot by Cutter Gauthier.
18:10 of 2nd period - Shot Misses the Net.
18:12 of 2nd period - Slapshot by Shayne Gostisbehere.
18:12 of 2nd period - Stopped by Joseph Woll with a rebound.
18:14 of 2nd period - Wrist shot by Collin Graf.
18:14 of 2nd period - Shot Blocked by Vladislav Gavrikov.
18:16 of 2nd period - Wrist shot by Collin Graf.
18:16 of 2nd period - Deflect By Kevin Stenlund.
18:16 of 2nd period - Stopped by Joseph Woll with a rebound.
18:36 of 2nd period - Wrist shot by Cutter Gauthier.
18:36 of 2nd period - Stopped by Joseph Woll without a rebound.
18:37 of 2nd period - Cole Sillinger wins face-off versus Connor McDavid in Quebec Nordiques zone.
18:38 of 2nd period - Snap shot by Zachary L'Heureux.
18:38 of 2nd period - Shot Misses the Net.
18:58 of 2nd period - Alex DeBrincat is hit by Dmitry Orlov and loses puck.
19:15 of 2nd period - Backhand shot by Matthew Knies.
19:15 of 2nd period - Stopped by Sergei Bobrovsky without a rebound.
19:16 of 2nd period - Peyton Krebs wins face-off versus Nico Hischier in Detroit Red Wings zone.
19:47 of 2nd period - Minor Penalty to Vasili Podkolzin for Tripping.
19:48 of 2nd period - Kevin Stenlund wins face-off versus Connor McDavid in Detroit Red Wings zone.
Goals for this period are 0 for Quebec Nordiques vs 0 for Detroit Red Wings.
Shots for this period are 12 for Quebec Nordiques vs 15 for Detroit Red Wings.

3rd period


0:01 of 3rd period - Kevin Stenlund wins face-off versus Connor McDavid in neutral zone.
0:06 of 3rd period - Wrist shot by Connor McDavid.
0:06 of 3rd period - Deflect By Alex DeBrincat.
0:06 of 3rd period - Shot Blocked by Collin Graf.
0:06 of 3rd period - Puck is out of play.
0:07 of 3rd period - Kevin Stenlund wins face-off versus Connor McDavid in Detroit Red Wings zone.
0:07 of 3rd period - Kevin Stenlund is hit by Brock Faber.
0:37 of 3rd period - Wrist shot by Patrick Kane.
0:37 of 3rd period - Stopped by Sergei Bobrovsky without a rebound.
0:38 of 3rd period - Connor McDavid wins face-off versus Kevin Stenlund in Detroit Red Wings zone.
1:16 of 3rd period - Wrist shot by Matthew Knies.
1:16 of 3rd period - Stopped by Sergei Bobrovsky without a rebound.
1:17 of 3rd period - Cole Sillinger wins face-off versus Matt Duchene in Detroit Red Wings zone.
1:17 of 3rd period - Cole Sillinger is hit by Thomas Harley.
1:20 of 3rd period - Minor Penalty to Peyton Krebs for Tripping.
1:21 of 3rd period - Kevin Stenlund wins face-off versus Connor McDavid in Detroit Red Wings zone.
1:47 of 3rd period - Penalty to Vasili Podkolzin is over, Vasili Podkolzin is back on ice.
3:20 of 3rd period - Penalty to Peyton Krebs is over, Peyton Krebs is back on ice.
3:22 of 3rd period - Vasili Podkolzin is hit by Alex DeBrincat and loses puck.
4:06 of 3rd period - Off-side.
4:07 of 3rd period - Nico Hischier wins face-off versus Cutter Gauthier in neutral zone.
4:14 of 3rd period - Wrist shot by Kevin Stenlund.
4:14 of 3rd period - Stopped by Joseph Woll with a rebound.
4:32 of 3rd period - Michael McCarron is hit by Tanner Pearson and loses puck.
4:43 of 3rd period - Peyton Krebs is hit by Michael McCarron and loses puck.
4:51 of 3rd period - Icing by Tanner Pearson.
4:52 of 3rd period - Peyton Krebs wins face-off versus Connor McDavid in Detroit Red Wings zone.
4:52 of 3rd period - Peyton Krebs is hit by Alex DeBrincat.
5:00 of 3rd period - Backhand shot by Collin Graf.
5:00 of 3rd period - Shot Misses the Net.
6:04 of 3rd period - Snap shot by Collin Graf.
6:04 of 3rd period - Shot Blocked by Thomas Harley.
6:06 of 3rd period - Snap shot by Collin Graf.
6:06 of 3rd period - Deflect By Noah Cates.
6:06 of 3rd period - Stopped by Joseph Woll without a rebound.
6:07 of 3rd period - Cole Sillinger wins face-off versus Connor McDavid in Quebec Nordiques zone.
6:16 of 3rd period - Slapshot by Matthew Knies.
6:16 of 3rd period - Deflect By Cole Sillinger.
6:16 of 3rd period - Shot Misses the Net.
6:16 of 3rd period - Puck is out of play.
6:17 of 3rd period - Connor McDavid wins face-off versus Brad Lambert in Detroit Red Wings zone.
6:18 of 3rd period - Snap shot by Matthew Knies.
6:18 of 3rd period - Stopped by Sergei Bobrovsky with a rebound.
6:20 of 3rd period - Slapshot by Alex DeBrincat.
6:20 of 3rd period - Shot Blocked by Dmitry Orlov.
6:22 of 3rd period - Slapshot by Vladislav Gavrikov.
6:22 of 3rd period - Shot Misses the Net.
6:38 of 3rd period - Slapshot by Jackson LaCombe.
6:38 of 3rd period - Stopped by Joseph Woll without a rebound.
6:39 of 3rd period - Kevin Stenlund wins face-off versus Nico Hischier in Quebec Nordiques zone.
6:45 of 3rd period - Minor Penalty to Nikolaj Ehlers for Delaying the game.
6:46 of 3rd period - Nico Hischier wins face-off versus Cole Sillinger in Quebec Nordiques zone.
6:46 of 3rd period - Nico Hischier is hit by Cole Sillinger.
7:21 of 3rd period - Wrist shot by Cutter Gauthier.
7:21 of 3rd period - Shot Misses the Net.
7:33 of 3rd period - Jake McCabe is hit by Dmitry Orlov and loses puck.
8:22 of 3rd period - Vladislav Gavrikov is hit by Brad Lambert and loses puck.
8:45 of 3rd period - Penalty to Nikolaj Ehlers is over, Nikolaj Ehlers is back on ice.
8:47 of 3rd period - Off-side.
8:48 of 3rd period - Fraser Minten wins face-off versus Steven Stamkos in neutral zone.
9:18 of 3rd period - Backhand shot by Matt Duchene.
9:18 of 3rd period - Shot Misses the Net.
9:30 of 3rd period - Slapshot by Tanner Pearson.
9:30 of 3rd period - Stopped by Joseph Woll without a rebound.
9:31 of 3rd period - Kevin Stenlund wins face-off versus Connor McDavid in Quebec Nordiques zone.
9:32 of 3rd period - Snap shot by Cutter Gauthier.
9:32 of 3rd period - Stopped by Joseph Woll without a rebound.
9:33 of 3rd period - Kevin Stenlund wins face-off versus Connor McDavid in Quebec Nordiques zone.
9:34 of 3rd period - Snap shot by Collin Graf.
9:34 of 3rd period - Goal by Collin Graf - Quebec Nordiques : 1 - Detroit Red Wings : 3.
9:35 of 3rd period - Kevin Stenlund wins face-off versus Connor McDavid in neutral zone.
9:38 of 3rd period - Wrist shot by Collin Graf.
9:38 of 3rd period - Stopped by Joseph Woll without a rebound.
9:39 of 3rd period - Kevin Stenlund wins face-off versus Connor McDavid in Quebec Nordiques zone.
9:50 of 3rd period - Alex Vlasic is hit by Kevin Stenlund and loses puck.
10:10 of 3rd period - Slapshot by Jackson LaCombe.
10:10 of 3rd period - Shot Blocked by Thomas Harley.
10:54 of 3rd period - Snap shot by Matthew Knies.
10:54 of 3rd period - Shot Misses the Net.
10:56 of 3rd period - Wrist shot by Thomas Harley.
10:56 of 3rd period - Shot Blocked by Jamie Drysdale.
10:58 of 3rd period - Snap shot by Alex DeBrincat.
10:58 of 3rd period - Stopped by Sergei Bobrovsky without a rebound.
10:59 of 3rd period - Nico Hischier wins face-off versus Kevin Stenlund in Detroit Red Wings zone.
11:56 of 3rd period - Ryan Graves is hit by Noah Cates and loses puck.
12:29 of 3rd period - Snap shot by Steven Stamkos.
12:29 of 3rd period - Shot Misses the Net.
12:39 of 3rd period - Noah Cates is hit by Zachary L'Heureux and loses puck.
12:54 of 3rd period - Snap shot by Cole Sillinger.
12:54 of 3rd period - Stopped by Joseph Woll without a rebound.
12:55 of 3rd period - Peyton Krebs wins face-off versus Nico Hischier in Quebec Nordiques zone.
12:58 of 3rd period - Wrist shot by Tanner Pearson.
12:58 of 3rd period - Stopped by Joseph Woll with a rebound.
13:22 of 3rd period - Connor McDavid is hit by Shayne Gostisbehere and loses puck.
13:43 of 3rd period - Wrist shot by Steven Stamkos.
13:43 of 3rd period - Deflect By Patrick Kane.
13:43 of 3rd period - Stopped by Sergei Bobrovsky with a rebound.
14:04 of 3rd period - Snap shot by Will Smith.
14:04 of 3rd period - Shot Misses the Net.
14:16 of 3rd period - Dmitry Orlov is hit by Nico Hischier and loses puck.
14:26 of 3rd period - Slapshot by Michael Anderson.
14:26 of 3rd period - Deflect By Matt Duchene.
14:26 of 3rd period - Stopped by Sergei Bobrovsky without a rebound.
14:27 of 3rd period - Kevin Stenlund wins face-off versus Connor McDavid in Detroit Red Wings zone.
14:38 of 3rd period - Wrist shot by Cutter Gauthier.
14:38 of 3rd period - Stopped by Joseph Woll with a rebound.
14:42 of 3rd period - Wrist shot by Collin Graf.
14:42 of 3rd period - Shot Blocked by Matthew Knies.
14:52 of 3rd period - Snap shot by Cole Sillinger.
14:52 of 3rd period - Shot Misses the Net.
15:14 of 3rd period - Rickard Rakell is hit by Jamie Drysdale and loses puck.
16:34 of 3rd period - Minor Penalty to Peyton Krebs for Cross-checking.
16:35 of 3rd period - Kevin Stenlund wins face-off versus Connor McDavid in Detroit Red Wings zone.
16:48 of 3rd period - Snap shot by Matthew Knies.
16:48 of 3rd period - Shot Misses the Net.
16:50 of 3rd period - Slapshot by Thomas Harley.
16:50 of 3rd period - Deflect By Connor McDavid.
16:50 of 3rd period - Shot Blocked by Brad Lambert.
16:50 of 3rd period - Puck is out of play.
16:51 of 3rd period - Connor McDavid wins face-off versus Kevin Stenlund in Detroit Red Wings zone.
17:11 of 3rd period - Icing by Thomas Harley.
17:12 of 3rd period - Connor McDavid wins face-off versus Cole Sillinger in Quebec Nordiques zone.
17:37 of 3rd period - Backhand shot by Connor McDavid.
17:37 of 3rd period - Stopped by Sergei Bobrovsky without a rebound.
17:38 of 3rd period - Collin Graf wins face-off versus Matt Duchene in Detroit Red Wings zone.
18:34 of 3rd period - Penalty to Peyton Krebs is over, Peyton Krebs is back on ice.
18:48 of 3rd period - Slapshot by Matt Duchene.
18:48 of 3rd period - Shot Misses the Net.
18:50 of 3rd period - Snap shot by Nico Hischier.
18:50 of 3rd period - Shot Misses the Net.
19:00 of 3rd period - Snap shot by Collin Graf.
19:00 of 3rd period - Shot Misses the Net.
19:02 of 3rd period - Slapshot by Jackson LaCombe.
19:02 of 3rd period - Shot Blocked by Rickard Rakell.
19:28 of 3rd period - Slapshot by Nikolaj Ehlers.
19:28 of 3rd period - Stopped by Sergei Bobrovsky with a rebound.
Goals for this period are 0 for Quebec Nordiques vs 1 for Detroit Red Wings.
Shots for this period are 8 for Quebec Nordiques vs 10 for Detroit Red Wings.